 Dungeon Crawl Stone Soup version 0.23.2-1-ga50397a (webtiles) character file.

Game seed: 11326007311813965736

8747 Madoushi the Cleaver (level 11, -6/148 HPs)
             Began as a Minotaur Berserker on Apr 18, 2019.
             Was a High Priest of Trog.
             Mangled by a two-headed ogre
             ... wielding a +0 giant club
              (21 damage)
             ... on level 10 of the Dungeon.
             The game lasted 00:26:03 (10037 turns).

Madoushi the Cleaver (Minotaur Berserker)          Turns: 10037, Time: 00:26:04

Health: -6/148     AC:  9    Str: 30    XL:     11   Next: 14%
Magic:  10/10      EV: 14    Int:  4    God:    Trog [*****.]
Gold:   464        SH:  2    Dex: 10    Spells: 10/10 levels left

rFire    + + .     SeeInvis .   F - +4 war axe
rCold    + . .     Gourm    .   (no shield)
rNeg     . . .     Faith    .   p - +1 scale mail {rF+}
rPois    +         Spirit   .   (helmet restricted)
rElec    .         Reflect  +   C - scarf {rC+ rF+}
rCorr    .         Harm     .   (no gloves)
MR       .....                  (no boots)
Stlth    ..........             v - +2 amulet of reflection
HPRegen  0.34/turn              K - ring of poison resistance
MPRegen  0.12/turn              w - +1 ring of evasion

@: berserking, very quick
A: retaliatory headbutt, horns 2
a: Berserk, Trog's Hand, Brothers in Arms, Renounce Religion


You were on level 10 of the Dungeon.
You worshipped Trog.
Trog was extremely pleased with you.
You were not hungry.

You visited 1 branch of the dungeon, and saw 10 of its levels.

You collected 464 gold pieces.

Inventory:

Hand Weapons
 a - a +0 hand axe
 F - a +4 war axe (weapon)
Armour
 b - a +0 animal skin
 p - a +1 scale mail of fire resistance (worn)
 C - a scarf of resistance (worn)
Jewellery
 n - an uncursed ring of flight
 v - a +2 amulet of reflection (around neck)
 w - a +1 ring of evasion (right hand)
 y - an uncursed ring of fire
 J - an uncursed ring of fire
 K - a ring of poison resistance (left hand)
 M - a +4 ring of strength
Wands
 D - a wand of digging (12)
Scrolls
 f - a scroll of fear
 g - a scroll of identify
 h - 4 scrolls of remove curse
 i - a scroll of immolation
 k - 3 scrolls of teleportation
 l - 7 scrolls of amnesia
 m - a scroll of blinking {unknown}
 o - 3 scrolls of fog
 r - a scroll of enchant weapon {unknown}
 s - 5 scrolls of magic mapping
 x - 2 scrolls of random uselessness
 E - a scroll of enchant armour {unknown}
Potions
 d - a potion of heal wounds
 e - a potion of resistance {unknown}
 j - 3 potions of cancellation
 q - 2 potions of might
 t - a potion of ambrosia {unknown}
 u - 2 potions of mutation {unknown}
 z - 2 potions of curing
 A - a potion of agility
 B - 2 potions of magic {unknown}
 G - 4 potions of flight
 H - 2 potions of lignification {unknown}
 I - a potion of berserk rage {unknown}
 L - a potion of haste
Comestibles
 c - 26 rations


   Skills:
 + Level 9.6 Fighting
 + Level 13.5 Axes
 + Level 10.6 Armour
 + Level 6.7 Dodging
 + Level 2.1 Stealth


You had 10 spell levels left.
You didn't know any spells.
Your spell library was empty.

Dungeon Overview and Level Annotations

Branches:
Dungeon (10/15)            Temple (0/1) D:4            Lair (0/6) D:10
    Orc: D:9-12

Altars:
Dithmenos
Elyvilon
Ru
Zin


Innate Abilities, Weirdness & Mutations

You reflexively headbutt those who attack you in melee.
You have a pair of horns on your head.


Message History

The two-headed ogre is heavily wounded.
The two-headed ogre hits you with a +0 giant club!!
The two-headed ogre closely misses you.
You slash the two-headed ogre!
The two-headed ogre is almost dead.
The two-headed ogre closely misses you.
The two-headed ogre hits you with a +0 giant club.
You hit the two-headed ogre.
The two-headed ogre is almost dead.
You barely miss the two-headed ogre.
The two-headed ogre is almost dead.
The two-headed ogre hits you with a +0 giant club!!
* * * LOW HITPOINT WARNING * * *
The two-headed ogre hits you with a +0 giant club!!
* * * LOW HITPOINT WARNING * * *
A red film seems to cover your vision as you go berserk!
You feel yourself moving faster!
You feel mighty!
You feel a lot more hungry.
The shadow imp lashes its tail.
The two-headed ogre hits you with a +0 giant club!!
You die...

.. ...
.........########..####
... ........).........#
.... .......)...(..(..#
#.#####.###.....#
...#.....#(....#
#.#.##.##.....# # #..##
##......# #.#.#[##
#.#.....# #..5O@#
...#...(.# ###.### .#
#.....# ... .. #.....#
#.. .# #...... ....
###. #$


You could see a two-headed ogre and a shadow imp.

Vanquished Creatures
  A centaur warrior (D:10)
  The ghost of night the Gusty, a novice DsAE of Cheibriados (D:8)
  Joseph (D:8)
  A gargoyle (D:10)
  An efreet (D:10)
  A troll (D:10)
  A hippogriff (D:8)
  6 yaks (D:9)
  A wyvern (D:6)
  Grum (D:8)
  3 wargs (D:9)
  A water moccasin (D:6)
  An orc warrior (D:5)
  A hornet zombie (D:6)
  5 ice beasts
  2 phantoms
  A sky beast (D:8)
  A black bear (D:9)
  2 ogres
  2 necrophages (D:8)
  3 centaurs
  4 wolves (D:8)
  A crocodile (D:10)
  6 bullfrogs
  A wyvern zombie (D:9)
  A scorpion (D:5)
  5 killer bees (D:7)
  4 wights
  2 crimson imps (D:9)
  9 howler monkeys
  2 bullfrog zombies
  4 jellies
  A quasit (D:10)
  11 orc priests
  A wyvern simulacrum (D:8)
  A bullfrog skeleton (D:6)
  8 orc wizards
  A centaur skeleton (D:4)
  Terence (D:2)
  4 iguanas
  5 worker ants
  2 killer bee zombies
  A hound skeleton (D:7)
  A howler monkey zombie (D:8)
  3 gnolls (D:3)
  4 adders
  A hound simulacrum (D:8)
  2 shadow imps
  A white imp (D:8)
  5 oozes (D:8)
  An adder zombie (D:10)
  2 adder skeletons
  A worm (D:4)
  A dart slug (D:4)
  An adder simulacrum (D:8)
  8 leopard geckos
  29 orcs
  2 ball pythons
  8 giant cockroaches
  9 goblins
  3 hobgoblins
  6 jackals
  2 quokkas
  13 bats
  12 frilled lizards
  A jackal zombie (D:8)
  5 kobolds
  A quokka simulacrum (D:8)
  A quokka skeleton (D:4)
  3 rats
238 creatures vanquished.

Notes
Turn   | Place    | Note
-------+----------+-------------------------------------------
     0 | D:1      | Madoushi the Minotaur Berserker began the quest for the
                  | Orb.
     0 | D:1      | Reached XP level 1. HP: 19/19 MP: 0/0
   222 | D:1      | Reached XP level 2. HP: 23/27 MP: 1/1
   223 | D:1      | Reached skill level 4 in Axes
   829 | D:2      | Reached ** piety under Trog
   990 | D:2      | Reached XP level 3. HP: 32/34 MP: 2/2
  1354 | D:2      | Noticed Terence
  1368 | D:2      | Killed Terence
  1654 | D:2      | Found a glowing silver altar of Zin.
  1753 | D:3      | Reached XP level 4. HP: 41/41 MP: 3/3
  1757 | D:3      | Noticed a centaur
  1763 | D:3      | Killed a centaur
  1763 | D:3      | Reached skill level 5 in Fighting
  1763 | D:3      | Reached skill level 5 in Axes
  1763 | D:3      | Reached XP level 5. HP: 48/48 MP: 4/4
  2074 | D:3      | Found a faded altar of an unknown god.
  2351 | D:4      | Found a staircase to the Ecumenical Temple.
  2459 | D:4      | Reached XP level 6. HP: 26/56 MP: 5/5
  2576 | D:4      | Found a shadowy altar of Dithmenos.
  2648 | D:4      | Reached *** piety under Trog
  2648 | D:4      | Reached skill level 6 in Axes
  3316 | D:4      | Found a sacrificial altar of Ru.
  3402 | D:5      | Entered Level 5 of the Dungeon
  3468 | D:5      | Reached XP level 7. HP: 53/62 MP: 6/6
  3887 | D:5      | Reached skill level 5 in Armour
  4193 | D:5      | Reached skill level 7 in Axes
  4193 | D:5      | Reached skill level 1 in Stealth
  4879 | D:6      | Reached XP level 8. HP: 15/70 MP: 7/7
  5296 | D:6      | Reached skill level 8 in Axes
  5802 | D:7      | Reached skill level 5 in Dodging
  6153 | D:7      | Reached **** piety under Trog
  6156 | D:7      | Reached XP level 9. HP: 29/79 MP: 8/8
  6355 | D:7      | Reached skill level 9 in Axes
  6838 | D:7      | Found a white marble altar of Elyvilon.
  7175 | D:8      | Noticed Joseph
  7188 | D:8      | Killed Joseph
  7398 | D:8      | Noticed Grum
  7413 | D:8      | Killed Grum
  7425 | D:8      | Reached skill level 10 in Axes
  7632 | D:8      | Found a runed translucent gate.
  7641 | D:8      | Found a runed translucent gate.
  7645 | D:8      | Found a runed translucent gate.
  7679 | D:8      | Noticed night's ghost (novice DsAE)
  7691 | D:8      | Killed night's ghost
  7691 | D:8      | Reached XP level 10. HP: 88/88 MP: 9/9
  7692 | D:8      | Reached skill level 11 in Axes
  8172 | D:8      | Reached skill level 10 in Armour
  8520 | D:9      | Reached skill level 12 in Axes
  8526 | D:9      | Reached ***** piety under Trog
  9166 | D:10     | Entered Level 10 of the Dungeon
  9175 | D:10     | Found a staircase to the Lair.
  9541 | D:10     | Reached skill level 13 in Axes
  9769 | D:10     | Noticed a centaur warrior
  9777 | D:10     | Killed a centaur warrior
  9777 | D:10     | Reached XP level 11. HP: 75/97 MP: 10/10
 10030 | D:10     | Noticed a two-headed ogre
 10037 | D:10     | Mangled by a two-headed ogre

Skill      XL: |  1  2  3  4  5  6  7  8  9 10 |
---------------+-------------------------------+-----
Axes           | 4 5 6 7 8 10 13 | 13.5
Fighting       | 4 5 6 7 8 9 |  9.6
Dodging        | 3 4 5 6 |  6.7
Armour         | 3 4 6 7 9 10 | 10.6
Stealth        | 1 2 |  2.1

Action                   |  1- 3 |  4- 6 |  7- 9 | 10-12 || total
-------------------------+-------+-------+-------+-------++-------
Melee: Hand axe          |    61 |   124 |   197 |       ||   382
       Headbutt          |    11 |    24 |    55 |    37 ||   127
       War axe           |       |       |    83 |   178 ||   261
Invok: Berserk           |     1 |     2 |     5 |     2 ||    10
       Trog's Hand       |       |       |     1 |       ||     1
  Use: Scroll            |     1 |     6 |     4 |     9 ||    20
       Potion            |       |       |     2 |       ||     2
  Eat: Ration            |     1 |     2 |     3 |     1 ||     7
       Chunk             |       |       |     7 |     7 ||    14
Armor: Animal skin       |    13 |       |       |       ||    13
       Scale mail        |     4 |    44 |   109 |    42 ||   199
Dodge: Dodged            |    47 |    69 |   195 |   114 ||   425
Block: Other             |       |     6 |    34 |    14 ||    54
       Reflection        |       |       |     1 |       ||     1
